 Dungeon Crawl Stone Soup version 0.32-a0-893-gf85d74f360 (webtiles) character file.

Game seed: 15468402881043299356

47394 Doorstop00 the Severer (level 14, -4/130 HPs)
             Began as a Minotaur Berserker on Apr 3, 2024.
             Was a High Priest of Trog.
             Engulfed by a cloud of flame (12 damage)
             ... on level 5 of the Lair of Beasts.
             The game lasted 01:19:35 (15821 turns).

Doorstop00 the Severer (Minotaur Berserker)        Turns: 15821, Time: 01:19:36

Health: -4/130     AC: 22    Str: 24    XL:     14   Next: 8%
Magic:  13/13      EV: 13    Int: 11    God:    Trog [*****.]
Gold:   64         SH: 10    Dex: 11    Spells: 13/13 levels left

rFire   + . .        I - +0 broad axe (flame)
rCold   + . .        G - +0 buckler {AC+3}
rNeg    . . .        q - +5 ring mail "Eblegof" {rElec rF+ Int+5 Slay+2}
rPois   .            o - +0 hat {SInv}
rElec   +            s - +1 cloak {Will+}
rCorr   .            A - +1 pair of gloves
SInv    +            b - +0 pair of boots
Will    +++..        K - amulet of reflection
Stlth   +            L - ring of protection from cold
HPRegen 0.41/turn    n - ring of willpower
MPRegen 0.13/turn

%: reflection
@: about to teleport
A: horns 2, retaliatory headbutt
a: Renounce Religion, Berserk, Trog's Hand, Brothers in Arms


You were on level 5 of the Lair of Beasts.
You worshipped Trog.
Trog was extremely pleased with you.
You visited 2 branches of the dungeon, and saw 16 of its levels.
You also visited: Sewer and Volcano.

You collected 1205 gold pieces.
You spent 1141 gold pieces at shops.

Inventory:

Hand Weapons
 y - the +6 war axe of Unpleasantness {drain, +Blink rN+}
   (You found it on level 6 of the Dungeon)

   rN+:       It protects you from negative energy.
   +Blink:    It lets you blink.
 I - a +0 broad axe of flaming (weapon)
Armour
 b - a +0 pair of boots (worn)
 g - a +0 pair of gloves
 i - a +0 kite shield
 o - a +0 hat of see invisible (worn)
 q - the +5 ring mail "Eblegof" (worn) {rElec rF+ Int+5 Slay+2}
   (You found it on level 4 of the Dungeon)

   Int+5:     It affects your intelligence (+5).
   Slay+2:    It affects your accuracy & damage with ranged weapons and melee
   (+2).
   rF+:       It protects you from fire.
   rElec:     It insulates you from electricity.
 s - a +1 cloak of willpower (worn)
 A - a +1 pair of gloves (worn)
 G - a +0 buckler of protection (worn)
Jewellery
 n - a ring of willpower (right hand)
 K - an amulet of reflection (around neck)
 L - a ring of protection from cold (left hand)
Wands
 a - a wand of roots (20)
 j - a wand of polymorph (11)
 m - a wand of charming (2)
 v - a wand of flame (50)
 w - a wand of quicksilver (6)
 B - a wand of digging (14)
Scrolls
 c - a scroll of revelation {unknown}
 f - 7 scrolls of teleportation
 p - a scroll of brand weapon
 u - a scroll of enchant weapon {unknown}
 x - 3 scrolls of fog
 z - 2 scrolls of enchant armour {unknown}
 D - 2 scrolls of noise {unknown}
 F - a scroll of fear {unknown}
 H - a scroll of immolation
 J - 4 scrolls of poison
Potions
 d - 4 potions of curing
 e - 3 potions of heal wounds
 h - 2 potions of resistance
 k - 4 potions of enlightenment
 l - a potion of cancellation
 r - 5 potions of haste
 t - 3 potions of might
 C - 3 potions of lignification
 M - 5 potions of ambrosia


   Skills:
 * Level 13.7 Fighting
 * Level 17.4(18.0) Axes
 + Level 7.0(13.3) Polearms
 * Level 11.2 Armour
 * Level 9.9 Dodging
 - Level 1.0 Stealth
 * Level 7.9 Shields
 + Level 0.1 Unarmed Combat
 * Level 6.1 Evocations


You had 13 spell levels left.
You didn't know any spells.
Your spell library was empty.

Dungeon Overview and Level Annotations

Branches:
Dungeon (11/15)            Temple (0/1) D:5            Lair (5/5) D:11
  Swamp (0/4) Lair:3       Spider (0/4) Lair:3        Slime (0/5) Lair:4
    Orc (0/2) D:10          Sewer (visited)         Volcano (visited)

Altars:
Ashenzari
Gozag
Hepliaklqana
Kikubaaqudgha
Makhleb
Okawaru
Qazlal
Sif Muna
Trog
Uskayaw
Vehumet
Wu Jian
Xom
Yredelemnul
The Shining One
Jiyva

Shops:
D:10 ??([==

Portals:
Abyss: Lair:3

Annotations:
D:7 1 runed translucent door, Gunch's ghost, novice MiBe
Lair:2 2 transporters, bronco's ghost, journeyman CoFE
Lair:3 2 transporters, Meuluz's ghost, journeyman GnWn
Lair:4 Munuj's ghost, journeyman MDFi
Lair:5 exclusion: oklob plant


Innate Abilities, Weirdness & Mutations

You have a pair of horns on your head.
You reflexively headbutt those who attack you in melee.


Message History

You hear a howl!
You hear a shout!
A blink frog comes into view.
You are engulfed in blazing flames.
You resist.
The death yak is engulfed in blazing flames.
Flame seeps out of the death yak.
The death yak is engulfed in a forest fire.
Trog accepts your kill.
The death yak explodes!
The fiery explosion engulfs you! You resist.
* * * LOW HITPOINT WARNING * * *
The fiery explosion engulfs the death yak!!
Trog accepts your kill.
The tree burns like a torch!
The death yak explodes!
The fiery explosion engulfs you!! You resist.
* * * LOW HITPOINT WARNING * * *
A wolf comes into view.
The spriggan rider is engulfed in blazing flames.
Flame seeps out of the spriggan rider.
The spriggan rider hits you but does no damage.
You hear a loud, deep croak!
You hear an angry growl.
You hear a howl!
You hear an angry growl.
You hear a shout!
You hear an angry growl.
As you read the scroll of teleportation, it crumbles to dust.
You feel strangely unstable.
You are engulfed in blazing flames.
You resist.
* * * LOW HITPOINT WARNING * * *
The spriggan rider is engulfed in blazing flames.
Flame seeps out of the spriggan rider.
The spriggan rider completely misses you.
The forest fire spreads! x2
You are engulfed in blazing flames.
You resist.
* * * LOW HITPOINT WARNING * * *
The polar bear is engulfed in blazing flames.
Flame seeps out of the polar bear.
The blink frog blinks!
The spriggan rider is engulfed in blazing flames.
Flame seeps out of the spriggan rider.
The spriggan rider hits you from afar with a +0 spear!
* * * LOW HITPOINT WARNING * * *
The forest fire spreads!
You are engulfed in blazing flames.
You resist.
You die...

♣♣♣♣♣ ##♣♣♣ ♣♣♣♣♣♣♣§§§♣
.#..♣♣♣♣♣♣..♣♣.§@hi♣
.....†♣♣.♣....°§§§§iYyih
...♣♣♣.....♣.♣♣§§.§♣hyiF
##♣♣ ♣♣♣♣♣..♣♣♣♣§§♣♣


§yh # ♣♣.[♣ ♣♣♣♣ . ### ♣.♣♣....♣ ..# ♣.♣ ♣♣..... ...# ♣.. ♣.♣♣ .#.P# ♣. ♣ You
could see a death yak, a spriggan rider (inner flame), a polar bear (inner
flame), a blink frog, 3 hornets, 3 spriggans and 3 wolves.

Vanquished Creatures
  The ghost of Sugi the Slayer, a journeyman MiFi of Xom (Lair:4)
  The ghost of Munuj the Summoner, a journeyman MDFi of Cheibriados (Lair:4)
  The ghost of Qazery the Severer, a journeyman MDFi of the Shining One (Lair:4)
  5 hydras
  An ogre mage (Volcano)
  A centaur warrior (D:10)
  A boulder beetle (Lair:5)
  3 two-headed ogres (Volcano)
  5 death yaks (Lair:5)
  A hell knight (Volcano)
  Urug (Lair:5)
  Nergalle (D:10)
  2 spriggan druids (Lair:3)
  5 elephants (Lair:3)
  A meliai (Lair:3)
  2 black mambas
  6 cane toads
  A torpor snail (Lair:5)
  5 rime drakes
  12 komodo dragons
  2 kobold demonologists (D:6)
  3 polar bears
  A queen bee (Lair:2)
  2 hornets
  2 trolls
  18 blink frogs
  4 dream sheep (Lair:4)
  Sigmund (D:2)
  2 raiju (Lair:3)
  A shadow (D:9)
  A spriggan (Lair:5)
  3 wyverns
  39 yaks
  2 fire bats (Volcano)
  8 basilisks
  A steam dragon (D:9)
  5 vampire mosquitoes
  8 water moccasins
  3 orc warriors
  3 acid dragons
  An ice beast (D:6)
  6 black bears
  13 wolves
  4 sky beasts
  A crocodile (Sewer)
  2 centaurs
  A phantom (D:5)
  4 kobold brigands
  14 bullfrogs
  A gnoll sergeant (D:8)
  A brain worm (Sewer)
  A scorpion (D:5)
  17 killer bees
  A howler monkey (D:5)
  8 lava snakes (Volcano)
  7 jellies
  3 hounds
  4 orc priests
  A gnoll bouda (D:6)
  3 sleepcaps
  5 iguanas
  10 orc wizards
  3 adders
  6 gnolls
  6 ufetubi
  3 dart slugs
  2 ribbon worms (D:3)
  28 orcs
  9 bats
  6 endoplasms
  3 goblins
  4 hobgoblins
  3 jackals (D:2)
  3 quokkas (D:2)
  6 ball pythons
  4 frilled lizards
  17 kobolds
  3 rats (D:2)
379 creatures vanquished.

Vanquished Creatures (collateral kills)
  Gastronok (Lair:1)
  A two-headed ogre (Volcano)
2 creatures vanquished.

Grand Total: 381 creatures vanquished

Notes
Turn   | Place    | Note
-------+----------+-------------------------------------------
     0 | D:1      | Doorstop00 the Minotaur Berserker began the quest for the
                  | Orb.
     0 | D:1      | Reached XP level 1. HP: 19/19 MP: 0/0
   294 | D:1      | Reached XP level 2. HP: 18/27 MP: 1/1
   631 | D:2      | Reached skill level 4 in Axes
   657 | D:2      | Reached ** piety under Trog
   718 | D:2      | Reached XP level 3. HP: 33/33 MP: 2/2
   839 | D:2      | Found a faded altar of an unknown god.
   846 | D:2      | Noticed Sigmund
  1042 | D:2      | Identified the +9 spear "Hulopeur" {venom, Str+3 Int+2}
  1097 | D:2      | Killed Sigmund
  1098 | D:2      | Reached skill level 5 in Fighting
  1098 | D:2      | Reached skill level 5 in Axes
  1098 | D:2      | Reached XP level 4. HP: 31/42 MP: 3/3
  1098 | D:2      | Reached XP level 5. HP: 35/48 MP: 4/4
  1471 | D:3      | Found an ancient bone altar of Kikubaaqudgha.
  2101 | D:4      | Identified the +5 ring mail "Eblegof" {rElec rF+ Int+5
                  | Slay+2}
  2141 | D:4      | Reached XP level 6. HP: 43/56 MP: 5/5
  2251 | D:4      | Reached skill level 1 in Polearms
  2913 | D:5      | Entered Level 5 of the Dungeon
  2923 | D:4      | Reached skill level 6 in Axes
  2961 | D:5      | Reached XP level 7. HP: 39/62 MP: 6/6
  3033 | D:5      | Reached *** piety under Trog
  3055 | D:5      | Found an opulent altar of Gozag.
  3172 | D:5      | Found a staircase to the Ecumenical Temple.
  3274 | D:5      | Found a glowing drain.
  3287 | Sewer    | Entered a sewer
  3310 | Sewer    | Reached skill level 5 in Armour
  3435 | D:5      | Reached XP level 8. HP: 71/71 MP: 7/7
  3538 | D:5      | Found a hide-covered altar of Uskayaw.
  3694 | D:6      | Reached skill level 5 in Polearms
  3772 | D:6      | Found a bloodstained altar of Trog.
  3884 | D:6      | Reached skill level 7 in Axes
  3884 | D:6      | Reached skill level 5 in Dodging
  4349 | D:6      | Identified the +2 leather armour of Violets {+Inv}
  4502 | D:6      | Identified the +6 war axe of Unpleasantness {drain, +Blink
                  | rN+}
  4584 | D:7      | Reached **** piety under Trog
  4638 | D:7      | Reached XP level 9. HP: 79/79 MP: 8/8
  4679 | D:7      | Noticed a kobold demonologist
  4680 | D:7      | Noticed a kobold demonologist
  4901 | D:6      | Killed a kobold demonologist
  4914 | D:6      | Killed a kobold demonologist
  4915 | D:6      | Reached skill level 8 in Axes
  4939 | D:7      | Found a runed translucent door.
  4948 | D:7      | Reached skill level 1 in Stealth
  4991 | D:7      | Noticed Gunch's ghost (novice MiBe)
  5453 | D:8      | Reached skill level 9 in Axes
  5677 | D:8      | Found an iron altar of Okawaru.
  5771 | D:8      | Reached skill level 1 in Shields
  5777 | D:8      | Reached skill level 1 in Evocations
  5777 | D:8      | Reached XP level 10. HP: 84/90 MP: 9/9
  5955 | D:8      | Reached skill level 10 in Axes
  5998 | D:8      | Found an ornate altar of the Wu Jian Council.
  6154 | D:8      | Found a glowing golden altar of the Shining One.
  6174 | D:9      | Found a burning altar of Makhleb.
  6189 | D:9      | Found a broken altar of Ashenzari.
  6190 | D:9      | Found a hazy altar of Hepliaklqana.
  6312 | D:9      | Found a radiant altar of Vehumet.
  6512 | D:9      | Reached ***** piety under Trog
  6684 | D:9      | Paralysed by a hornet for 3 turns
  6858 | D:10     | Entered Level 10 of the Dungeon
  6858 | D:10     | Found Xosuo's Magic Scroll Shop.
  6868 | D:10     | Bought a scroll of identify for 22 gold pieces
  6868 | D:10     | Bought a scroll of identify for 22 gold pieces
  6868 | D:10     | Bought a scroll of teleportation for 33 gold pieces
  6868 | D:10     | Bought a scroll of identify for 22 gold pieces
  6868 | D:10     | Bought a scroll of teleportation for 33 gold pieces
  6977 | D:10     | Noticed a centaur warrior
  6987 | D:10     | Killed a centaur warrior
  6988 | D:10     | Reached skill level 11 in Axes
  7004 | D:10     | Noticed Nergalle
  7142 | D:10     | Killed Nergalle
  7339 | D:10     | Reached XP level 11. HP: 97/97 MP: 10/10
  7347 | D:10     | Found Buarod's Jewellery Boutique.
  7351 | D:10     | Bought a ring of protection from cold for 350 gold pieces
  7408 | D:10     | Found Kovimpust's Armour Emporium.
  7410 | D:10     | Found a staircase to the Orcish Mines.
  7412 | D:10     | Found Vikergh's Weapon Emporium.
  7427 | D:10     | Bought a +0 buckler of protection for 149 gold pieces
  7496 | D:10     | Found a shimmering blue altar of Sif Muna.
  7522 | D:10     | Reached skill level 12 in Axes
  7642 | D:10     | Found Wyalelia's Magic Scroll Shoppe.
  7658 | D:10     | Bought a scroll of identify for 30 gold pieces
  7658 | D:10     | Bought 2 scrolls of identify for 60 gold pieces
  7831 | D:10     | Found Coacs's Jewellery Shoppe.
  7908 | D:10     | Found a stormy altar of Qazlal.
  7920 | D:10     | Found a shimmering altar of Xom.
  7924 | D:10     | Found a basalt altar of Yredelemnul.
  8138 | D:11     | Received a gift from Trog
  8371 | D:11     | Identified the +6 morningstar of Distant Worlds {freeze,
                  | rN+ Str+3 Dex+3}
  8636 | D:11     | Found a staircase to the Lair.
  8643 | Lair:1   | Entered Level 1 of the Lair of Beasts
  8755 | Lair:1   | Reached skill level 10 in Fighting
  8835 | Lair:1   | Reached skill level 13 in Axes
  8880 | Lair:1   | Identified a scroll of acquirement
  8881 | Lair:1   | Acquired a +0 hat of see invisible
  8906 | Lair:1   | Noticed Gastronok
  8917 | Lair:1   | Killed Gastronok
  9232 | Lair:1   | Found a dark tunnel.
  9240 | Volcano  | Entered a volcano
  9540 | Volcano  | Found a bloodstained altar of Trog.
  9540 | Volcano  | Noticed a two-headed ogre
  9540 | Volcano  | Noticed a two-headed ogre
  9540 | Volcano  | Noticed an ogre mage
  9540 | Volcano  | Noticed a two-headed ogre
  9545 | Volcano  | Killed a two-headed ogre
  9546 | Volcano  | Reached skill level 14 in Axes
  9546 | Volcano  | Reached skill level 5 in Shields
  9548 | Volcano  | Killed a two-headed ogre
  9549 | Volcano  | Reached XP level 12. HP: 72/108 MP: 11/11
  9555 | Volcano  | Killed a two-headed ogre
  9580 | Volcano  | Killed an ogre mage
  9793 | Volcano  | Noticed a two-headed ogre
  9797 | Volcano  | Killed a two-headed ogre
 10345 | Lair:2   | Reached skill level 15 in Axes
 10356 | Lair:2   | Reached skill level 10 in Armour
 10469 | Lair:2   | Noticed bronco's ghost (journeyman CoFE)
 10479 | Lair:2   | Noticed a five-headed hydra
 10485 | Lair:2   | Found a transporter.
 10487 | Lair:2   | Found a transporter.
 11194 | Lair:3   | Reached skill level 5 in Evocations
 11196 | Lair:3   | Found a one-way gate to the infinite horrors of the Abyss.
 11196 | Lair:3   | Noticed Meuluz's ghost (journeyman GnWn)
 11203 | Lair:3   | Noticed a hell hog
 11204 | Lair:3   | Found a transporter.
 11477 | Lair:3   | Found a hole to the Spider Nest.
 11545 | Lair:3   | Reached XP level 13. HP: 112/118 MP: 12/12
 11571 | Lair:3   | Reached skill level 16 in Axes
 11823 | Lair:3   | Found a transporter.
 12117 | Lair:3   | Found a staircase to the Swamp.
 12554 | Lair:4   | Found a viscous altar of Jiyva.
 12555 | Lair:4   | Found a staircase to the Slime Pits.
 13208 | Lair:4   | Found a runed translucent gate.
 13208 | Lair:4   | Found a runed translucent gate.
 13209 | Lair:4   | Noticed Munuj's ghost (journeyman MDFi)
 13210 | Lair:4   | Found a runed translucent gate.
 13210 | Lair:4   | Noticed Munuj's ghost (journeyman MDFi)
 13211 | Lair:4   | Noticed Sugi's ghost (journeyman MiFi)
 13211 | Lair:4   | Noticed Qazery's ghost (journeyman MDFi)
 13489 | Lair:4   | Killed Qazery's ghost
 13511 | Lair:4   | Killed Munuj's ghost
 13836 | Lair:4   | Killed Sugi's ghost
 14379 | Lair:5   | Entered Level 5 of the Lair of Beasts
 14554 | Lair:4   | Reached skill level 17 in Axes
 14810 | D:10     | Bought an amulet of reflection for 420 gold pieces
 15040 | Lair:5   | Noticed Urug
 15052 | Lair:5   | Killed Urug
 15803 | Lair:5   | Reached XP level 14. HP: 116/129 MP: 13/13
 15821 | Lair:5   | Engulfed by a cloud of flame

Illustrated notes

Levels and vault maps discovered:
D:1:      matt_arrival_diagonals, layout_loops_ring
D:2:      layout_rooms, chequers_ecumenical_altar_twisty, uniq_sigmund
D:3:      layout_basic, mainiacjoe_overflow_alcove_2
D:4:      layout_loops_ring, serial_forest, infiniplex_forest_clump_curved,
          infiniplex_forest_end_1, infiniplex_forest_lined_room_2,
          infiniplex_forest_end_1, infiniplex_forest_clump_small,
          infiniplex_forest_diagonal, infiniplex_forest_end_double,
          infiniplex_forest_lined_room_, infiniplex_forest_zigzag_2
D:5:      layout_rooms, nicolae_uskayaw_suspiria,
          mainiacjoe_overflow_cross_hatched, minmay_temple_entry_wispy,
          portal_sewer_entry_d
D:6:      layout_basic, bloody_trog
D:7:      layout_rooms, hellmonk_ghost_happy_afterlife
D:8:      layout_loops_cross, kennysheep_okawaru_gauntlet, kennysheep_mini,
          pdpol_wu_jian_five_deadly_venoms
D:9:      layout_basic, nicolae_overflow_crystal_walls,
          gammafunk_temple_overflow_forgotten
D:10:     layout_loops_corners, minitemple, lemuel_round_altar, orc_david_3,
          serial_shops, shop, nicolae_shop_tiny_statue_garden,
          nicolae_stop_n_shop_1, shop, uniq_nergalle
D:11:     layout_rooms, lair_entry_dummy
Lair:1:   layout_misc_corridors, lightli_volcano_entry_magma_tube,
          serial_bayou_pond_d, uniq_gastronok
Lair:2:   layout_hall_layers, special_room [special_room_bee],
          nzn_ghost_randoct, infiniplex_staircase_pool_2
Lair:3:   layout_regular_city, mainiacjoe_swamp_entry_angry_trees,
          hellmonk_spider_entry_not_the_bees, gammafunk_ghost_abyssal_escape
Lair:4:   layout_cave_pods, nicolae_slime_entry_field_trip,
          gammafunk_ghost_cemetery
Lair:5:   minmay_lair_end_enchanted_forest, layout_cave_pods,
          kennysheep_basilisk_garden, uniq_urug

Skill      XL: |  1  2  3  4  5  6  7  8  9 10 11 12 13 |
---------------+----------------------------------------+-----
Fighting       | 4 5 6 7 8 9 10 12 13 | 13.7
Axes           | 4 5 6 7 9 11 14 15 17 | 17.4
Armour         | 3 5 6 7 8 9 10 11 | 11.2
Dodging        | 3 4 5 6 7 9 |  9.9
Polearms       | 2 4 6 7 |  7.0
Stealth        | 1 |  1.0
Shields        | 1 3 5 6 7 |  7.9
Evocations     | 1 2 4 5 6 |  6.1
Unarmed Combat | |  0.1

Action                     |  1- 3 |  4- 6 |  7- 9 | 10-12 | 13-15 || total
---------------------------+-------+-------+-------+-------+-------++-------
  Melee: Hand axe          |    56 |       |       |       |       ||    56
         Headbutt          |    11 |     9 |    27 |    68 |    75 ||   190
         Unarmed           |    11 |       |       |       |       ||    11
         Spear             |     5 |    69 |    88 |       |       ||   162
         War axe           |       |       |    89 |   359 |   194 ||   642
         Broad axe         |       |       |       |       |   133 ||   133
 Invoke: Brothers in Arms  |       |       |       |     2 |     1 ||     3
         Berserk           |       |       |       |     1 |     3 ||     4
         Trog's Hand       |       |       |       |     1 |     2 ||     3
  Evoke: Wand              |       |       |       |     1 |     9 ||    10
    Use: Scroll            |     4 |     3 |     2 |    13 |     5 ||    27
         Potion            |       |       |       |     2 |       ||     2
 Armour: Animal skin       |    29 |       |       |       |       ||    29
         Leather armour    |    10 |     2 |       |       |       ||    12
         Skin              |     4 |       |       |       |       ||     4
         Chain mail        |       |     3 |       |       |       ||     3
         Ring mail         |       |    40 |   136 |   282 |   203 ||   661
  Dodge: Dodged            |    45 |    35 |   133 |   213 |   131 ||   557
  Block: Buckler           |       |       |     5 |    68 |    65 ||   138
         Reflection        |       |       |       |       |     1 ||     1

Table legend: (Time is in decaauts)
 A = Elapsed time spent in this place.
 B = Non-inter-level travel time spent in this place.
 C = Inter-level travel time spent in this place.
 D = Time resting spent in this place.
 E = Time spent auto-exploring this place.
 F = Levels seen in this place.
 G = Mean time per level.
                   A        B        C        D        E       F      G
               +--------+--------+--------+--------+--------+-----+--------+
         Total |  15744 |  15128 |    616 |   2796 |   7679 |  18 |  874.7 |
       Dungeon |   8724 |   8323 |    401 |    572 |   5866 |  11 |  793.1 |
          Lair |   6314 |   6099 |    215 |   1996 |   1813 |   5 | 1262.8 |
         Sewer |    123 |    123 |      0 |     48 |      0 |   1 |  123.0 |
       Volcano |    582 |    582 |      0 |    180 |      0 |   1 |  582.0 |
               +--------+--------+--------+--------+--------+-----+--------+

Top non-repeatable levels by time:
  Lair:4: 2069 daAuts
  Lair:2: 1347 daAuts
    D:10: 1280 daAuts
     D:6: 1238 daAuts
  Lair:3: 1217 daAuts
     D:4: 952 daAuts
  Lair:1: 894 daAuts
     D:8: 869 daAuts
     D:9: 788 daAuts
  Lair:5: 784 daAuts
     D:3: 777 daAuts
     D:1: 687 daAuts
    D:11: 590 daAuts
 Volcano: 582 daAuts
     D:5: 554 daAuts
